 Dungeon Crawl Stone Soup version 0.23-b1 (webtiles) character file.

Game seed: 14408223448838323150

24 Esekla the Chopper (level 3, -4/28 HPs)
             Began as a Formicid Wanderer on Jan 29, 2019.
             Slain by a hobgoblin
             ... wielding a +0 club
              (5 damage)
             ... on level 3 of the Dungeon on Jan 30, 2019.
             The game lasted 00:05:46 (682 turns).

Esekla the Chopper (Formicid Wanderer)               Turns: 682, Time: 00:05:46

Health: -4/28      AC:  3    Str: 18    XL:     3   Next: 15%
Magic:  3/3        EV: 11    Int: 12    God:
Gold:   32         SH:  0    Dex:  8    Spells: 2/2 levels left

rFire    . . .     SeeInvis +   a - +2 hand axe
rCold    . . .     Gourm    .   (no shield)
rNeg     . . .     Faith    .   d - +0 robe
rPois    .         Spirit   .   (helmet unavailable)
rElec    .         Reflect  .   (no cloak)
rCorr    .         Harm     .   g - +0 pair of gloves
MR       .....                  (no boots)
Stlth    +.........             (no amulet)
HPRegen  0.09/turn              (no ring)
MPRegen  0.08/turn              (no ring)

@: no status effects
A: permanent stasis, dig shafts and tunnels, four strong arms, antennae 3
a: Dig, Shaft Self


You were on level 3 of the Dungeon.
You were not hungry.

You visited 1 branch of the dungeon, and saw 3 of its levels.

You collected 32 gold pieces.

Inventory:

Hand Weapons
 a - a +2 hand axe (weapon)
Armour
 d - a +0 robe (worn)
 g - a +0 pair of gloves (worn)
Scrolls
 i - a scroll of amnesia {unknown}
Potions
 b - a potion of lignification
 c - a potion of curing
 e - 2 potions of brilliance {unknown}
 h - a potion of resistance {unknown}
Comestibles
 f - a ration


   Skills:
 + Level 2.4 Fighting
 * Level 3.2 Axes
   Level 1.0 Staves
 - Level 1.0 Throwing
 - Level 1.1 Armour
 + Level 1.0 Dodging
 - Level 1.2 Stealth
   Level 1.1 Evocations


You had 2 spell levels left.
You didn't know any spells.
Your spell library was empty.

Dungeon Overview and Level Annotations

Branches:
Dungeon (3/15)

Altars:
Fedhas

Annotations:
D:2 Jessica
D:3 Sigmund


Innate Abilities, Weirdness & Mutations

You cannot be hasted, slowed, berserked, paralysed or teleported.
You can dig through walls and to a lower floor.
Your four strong arms can wield two-handed weapons with a shield.
You have a pair of large antennae on your head. (SInv)


Message History

The hobgoblin barely misses you.
There is a stone staircase leading down here.
There is a stone staircase leading down here.
The leopard gecko misses you. The hobgoblin hits you with a +0 club.
* * * LOW HITPOINT WARNING * * *
You climb downwards.
Level annotation: Sigmund A ball python and a hobgoblin come into view.
Found a stone staircase leading down.
There is a stone staircase leading up here.
You open the door. The leopard gecko bites you.
* * * LOW HITPOINT WARNING * * *
The hobgoblin completely misses you. The leopard gecko closely misses you.
The hobgoblin completely misses you.
There is an open door here.
Are you sure you want to shaft yourself?
You feel quite a bit more hungry.
The ball python hisses angrily.
The hobgoblin hits you with a +0 club.
You die...

. . #.
###.#####
...>....#
........# #
........###.#
....S..lg@..#
........#####
.....g..+
........#
###...#..
...###.# ....
... #.. ..#


You could see a leopard gecko, 2 hobgoblins and a ball python.

Vanquished Creatures
  A worm (D:2)
  A leopard gecko (D:2)
  A giant cockroach (D:1)
  A goblin (D:2)
  2 hobgoblins (D:2)
  A quokka (D:2)
  2 ball pythons
  3 bats
  3 kobolds
  7 rats
22 creatures vanquished.

Notes
Turn   | Place    | Note
-------+----------+-------------------------------------------
     0 | D:1      | Esekla the Formicid Wanderer began the quest for the Orb.
     0 | D:1      | Esekla set off with the following items: a +2 hand axe, a
                  | potion of lignification, a potion of curing, a +0 robe, a
                  | ration
     0 | D:1      | Reached XP level 1. HP: 16/16 MP: 1/1
   191 | D:2      | Reached XP level 2. HP: 22/22 MP: 2/2
   216 | D:2      | Found a blossoming altar of Fedhas.
   619 | D:2      | Reached skill level 3 in Axes
   629 | D:2      | Reached XP level 3. HP: 17/28 MP: 3/3
   656 | D:2      | Noticed Jessica
   673 | D:3      | Noticed Sigmund
   679 | D:3      | HP: 1/28 [leopard gecko (4)]
   682 | D:3      | Slain by a hobgoblin

Skill      XL: |  1  2 |
---------------+-------+-----
Axes           | 3 |  3.2
Fighting       | |  2.4
Staves         | |  1.0
Throwing       | |  1.0
Armour         | |  1.1
Dodging        | |  1.0
Stealth        | |  1.2
Evocations     | |  1.1

Action                   || total
-------------------------++-------
Melee: Hand axe          ||    71
 Abil: Shaft Self        ||     1
 Stab: Sleeping          ||     2
Armor: Robe              ||    19
Dodge: Dodged            ||    50
